 Dungeon Crawl Stone Soup version 0.21-a0-273-g0785366 (console) character file.

79 swinepaste the Chiller (level 4, -1/30 HPs)
             Began as a Merfolk Ice Elementalist on Sept 17, 2017.
             Slain by an ogre
             ... wielding a +0 giant club
              (7 damage)
             ... on level 3 of the Dungeon.
             The game lasted 00:05:23 (2330 turns).

swinepaste the Chiller (Merfolk Ice Elementalist)   Turns: 2330, Time: 00:05:24

Health: -1/30      AC:  6    Str:  8    XL:     4   Next: 38%
Magic:  0/7        EV: 12    Int: 14    God:
Gold:   102        SH:  0    Dex: 15    Spells: 1/7 levels left

rFire    . . .     SeeInvis .   a - +0 short sword
rCold    . . .     Gourm    .   (no shield)
rNeg     . . .     Faith    .   r - +0 troll leather armour
rPois    .         Spirit   .   (no helmet)
rElec    .         Reflect  .   (no cloak)
rCorr    .         Harm     .   (no gloves)
MR       .....                  s - +1 pair of boots
Stlth    ++........             (no amulet)
HPRegen  0.50/turn              (no ring)
MPRegen  0.10/turn              (no ring)

@: very slightly contaminated
A: change form in water, swift swim, stealthy swim
a: no special abilities


You were on level 3 of the Dungeon.
You were hungry.

You visited 1 branch of the dungeon, and saw 3 of its levels.

You collected 102 gold pieces.

Inventory:

Hand Weapons
 a - a +0 short sword (weapon)
Missiles
 f - 2 tomahawks (quivered)
 m - a throwing net
Armour
 d - a +0 robe
 i - a +0 buckler
 r - a +0 troll leather armour (worn)
 s - a +1 pair of boots (worn)
Wands
 t - a wand of iceblast (7/15)
Scrolls
 e - 2 scrolls of teleportation {unknown}
 l - 2 scrolls of identify {unknown}
 n - 3 scrolls of fear {unknown}
 o - a scroll of noise {unknown}
 q - 4 scrolls of remove curse {unknown}
 u - a scroll of enchant weapon {unknown}
 v - a scroll of immolation {unknown}
Potions
 g - a potion of cancellation {unknown}
 k - 3 potions of curing {unknown}
 p - a potion of brilliance {unknown}
Books
 b - a book of Frost

   Spells                             Type                      Level
   a - Freeze                         Ice                          1
   b - Throw Frost                    Conjuration/Ice              2
   c - Ozocubu's Armour               Charms/Ice                   3
   d - Throw Icicle                   Conjuration/Ice              4
   e - Summon Ice Beast               Ice/Summoning                4
Comestibles
 c - a bread ration
 j - 8 fruits


   Skills:
 - Level 2.6 Dodging
 - Level 2.1 Stealth
 - Level 2.0 Spellcasting
 - Level 0.7 Conjurations
 + Level 1.3 Charms
 + Level 5.2 Ice Magic


You had one spell level left.
You knew the following spells:

 Your Spells              Type           Power        Failure   Level  Hunger
f - Freeze                Ice            ###.         4%          1    ##.....
t - Throw Frost           Conj/Ice       #.....       16%         2    ###....
z - Ozocubu's Armour      Chrm/Ice       ##......     26%         3    ####...


Dungeon Overview and Level Annotations

Branches:
Dungeon (3/15)

Altars:
Gozag
Nemelex Xobeh


Message History

The floor.
Unknown command.
The goblin throws a stone.
The stone barely misses you. The ogre hits you with a giant club!!
Ouch! That really hurt!
* * * LOW HITPOINT WARNING * * *
You see here a stone.
Casting: Freeze
Confirm with . or Enter, or press ? or * to list all spells.
Aiming: Freeze
Press: ? - help, Shift-Dir - straight line, f/p - ogre
Aim: an ogre, wielding a giant club (heavily wounded)
You freeze the ogre.
The ogre is severely wounded.
The jackal barks!
You are feeling hungry.
You hear an angry hiss.
The goblin throws a stone.
The stone misses you. The ogre hits you with a giant club!
You die...

### ######..# #..
......... #.# #.. #.#
##. #.# #. #.# ######
...####.###########....(
..h....(O.............(.
#######m...(...####...(.
.............(.# #.....
.#####.......(.####.....
.........<...((.....
###.........(###.#.##
#........g.# #.#.#
#..........###.#.#
.........<.....#..
......####........


You could see an ogre, a jackal and a goblin.

Vanquished Creatures
  2 adders (D:2)
  An ooze (D:1)
  A worm (D:2)
  5 leopard geckos
  6 goblins
  6 hobgoblins
  3 jackals (D:2)
  A quokka (D:2)
  A ball python (D:1)
  7 bats
  3 frilled lizards
  7 kobolds
  7 rats
50 creatures vanquished.

Notes
Turn   | Place    | Note
-------+----------+-------------------------------------------
     0 | D:1      | swinepaste the Merfolk Ice Elementalist began the quest for the Orb.
     0 | D:1      | Reached XP level 1. HP: 13/13 MP: 3/3
   104 | D:1      | Reached XP level 2. HP: 10/19 MP: 0/5
   184 | D:1      | Reached skill level 4 in Ice Magic
   803 | D:1      | Reached XP level 3. HP: 24/24 MP: 4/6
  1432 | D:2      | Reached skill level 5 in Ice Magic
  1507 | D:2      | Learned a level 2 spell: Throw Frost
  1511 | D:2      | Learned a level 3 spell: Ozocubu's Armour
  1743 | D:2      | Found a sparkling altar of Nemelex Xobeh.
  1744 | D:2      | Found an opulent altar of Gozag.
  1753 | D:2      | Reached XP level 4. HP: 25/30 MP: 3/7
  1925 | D:2      | Reached skill level 1 in Charms
  2297 | D:3      | Noticed an ogre
  2330 | D:3      | Slain by an ogre

Vault maps used:
D:1:      erik_arrival_blinker_ship
D:2:      grunt_temple_overflow_opulence, minmay_pentomino_s2
D:3:      serial_bayou, serial_bayou_shore_b, serial_bayou_crossing,
          serial_bayou_ford_a, serial_bayou_pond_d

Skill      XL: |  1  2  3  4 |
---------------+-------------+-----
Ice Magic      | 4 5 |  5.2
Charms         | 1 |  1.3
Dodging        | |  2.6
Stealth        | |  2.1
Spellcasting   | |  2.0
Conjurations   | |  0.7

Action                   |  1- 3 |  4- 6 || total
-------------------------+-------+-------++-------
Melee: Short sword       |    36 |    34 ||    70
       Unarmed           |     3 |       ||     3
Throw: Tomahawk          |       |     4 ||     4
 Cast: Freeze            |    47 |    14 ||    61
       Ozocubu's Armour  |     1 |     1 ||     2
       Throw Frost       |       |     6 ||     6
 Stab: Sleeping          |     6 |       ||     6
  Eat: Chunk             |     4 |     2 ||     6
Armor: Robe              |    10 |       ||    10
       Troll leather arm |     3 |    35 ||    38
Dodge: Dodged            |    61 |    41 ||   102

Table legend:
 A = Spawn XP
 B = Non-spawn XP
 C = Spawn XP percentage of total XP
 D = Spawn monster count
 E = Non-spawn monster count
 F = Spawn count percentage of total count
 G = Total turns spent on level
                    A         B        C        D         E        F      G
               +---------+---------+-------+---------+---------+-------+---------
         Total |       0 |     114 |   0.0 |       0 |      50 |   0.0 |  2330
               +---------+---------+-------+---------+---------+-------+---------
           D:1 |       0 |      39 |   0.0 |       0 |      20 |   0.0 |   986
           D:2 |       0 |      72 |   0.0 |       0 |      29 |   0.0 |  1284
           D:3 |       0 |       3 |   0.0 |       0 |       1 |   0.0 |    60
               +---------+---------+-------+---------+---------+-------+---------
